cohdb
Replays
Latest Replays
All Replays
Popular Replays
Top Player Replays
Match Explorer
How It Works
Community
CoH3 Stats
Reddit
Sign in to upload your games and track your stats! →
Sign in with Steam
Match 42793160
Unlisted
Match 42793160
Overview
Messages
Build Orders
End
Construct Infanterie Kompanie
MG 42 Machine Gun Team
MG 42 Machine Gun Team
GrW 34 Mortar Team
Construct Panzergrenadier Kompanie
Panzergrenadier Squad
Panzergrenadier Squad
Panzergrenadier Officer Quarters
251 Medium Carrier
Support Elements
StuG III G Assault Gun
Panzergrenadier Squad
Selects Mechanized Battlegroup
Selects Mobile Repair Stations
Selects Stoßtruppen Assault Package
Selects Mechanized Assault
Pioneer Squad
StuG III G Assault Gun
Mechanized Assault
Side Skirts
STONEgolem
Dean Winchester
Heinz Broderian
dog
ItsBrettos
vonAJ
0
0
Comments
sign in to comment!
No comments posted yet!